 Dungeon Crawl Stone Soup version 0.30-a0-718-geaa24f58ff (webtiles) character file.

Game seed: 1387302092632559642

23631 KarmaKiller the Basher (level 13, -3/84 HPs)
             Began as a Gargoyle Berserker on Jan 24, 2023.
             Was an Elder of Trog.
             Slain by an orc warrior
             ... wielding a +0 halberd
              (9 damage)
             ... on level 2 of the Orcish Mines on Jan 25, 2023.
             The game lasted 01:07:34 (10884 turns).

KarmaKiller the Basher (Gargoyle Berserker)        Turns: 10884, Time: 01:07:34

Health: -3/84      AC: 33    Str: 24    XL:     13   Next: 7%
Magic:  13/13      EV: 11    Int: 10    God:    Trog [****..]
Gold:   783        SH:  0    Dex:  9    Spells: 12/12 levels left

rFire   + . .      SeeInvis .    x - +7 flail (venom)
rCold   + + .      Faith    +    (no shield)
rNeg    + . .      Spirit   .    X - +1 gold dragon scales
rPois   ∞          Reflect  .    (no helmet)
rElec   +          Harm     .    (no cloak)
rCorr   .          Rampage  .    v - +2 pair of gloves
Will    .....                    H - +0 pair of boots Stlth
                                 M - amulet of the Original Sin {Faith rC+ Regen+}
HPRegen 1.14/turn                o - +4 ring of slaying
MPRegen 0.13/turn                s - +5 ring of evasion

@: on berserk cooldown, slowed, very slow
A: sickness immunity, AC +9, negative energy resistance 1, electricity
resistance, torment resistance 1, petrification resistance
a: Renounce Religion, Berserk, Trog's Hand, Brothers in Arms


You were on level 2 of the Orcish Mines.
You worshipped Trog.
Trog was greatly pleased with you.
You visited 2 branches of the dungeon, and saw 12 of its levels.

You collected 783 gold pieces.

Inventory:

Hand Weapons
 x - a +7 flail of venom (weapon)
Missiles
 c - 20 poisoned darts
 h - 13 boomerangs (quivered)
 O - 4 atropa-tipped darts
Armour
 g - a +0 buckler
 v - a +2 pair of gloves (worn)
 H - a +0 pair of boots (worn)
 X - +1 gold dragon scales (worn)
Jewellery
 o - a +4 ring of slaying (left hand)
 s - a +5 ring of evasion (right hand)
 u - a ring of resist corrosion
 M - the amulet of the Original Sin (around neck) {Faith rC+ Regen+}
   (You found it on level 6 of the Dungeon)

   [amulet of faith]

   It allows you to gain divine favour quickly.
   rC:        It protects you from cold.
   Regen:     It increases your rate of health regeneration.
Wands
 y - a wand of charming (8)
 A - a wand of digging (10)
 N - a wand of iceblast (11)
 P - a wand of acid (2)
 Z - a wand of mindburst (4)
Scrolls
 d - 2 scrolls of brand weapon
 f - 5 scrolls of teleportation
 i - a scroll of poison
 j - a scroll of fog
 k - 5 scrolls of amnesia
 l - a scroll of torment {unknown}
 n - 3 scrolls of noise
 z - a scroll of silence {unknown}
 E - 2 scrolls of blinking
 F - 2 scrolls of fear
 G - 3 scrolls of magic mapping
Potions
 b - a potion of might
 e - a potion of heal wounds
 m - a potion of resistance
 p - 3 potions of flight
 q - a potion of attraction
 r - 3 potions of degeneration
 t - 6 potions of curing
 w - 3 potions of haste
 C - a potion of berserk rage
 L - 2 potions of brilliance
 Q - a potion of ambrosia


   Skills:
 + Level 11.1 Fighting
 + Level 14.2 Maces & Flails
 + Level 11.2 Armour
 + Level 4.7 Dodging
 + Level 2.0 Stealth
 + Level 1.7 Unarmed Combat
 + Level 3.1 Evocations


You had 12 spell levels left.
You didn't know any spells.
Your spell library was empty.

Dungeon Overview and Level Annotations

Branches:
Dungeon (10/15)            Temple (0/1) D:4             Orc (2/2) D:10
   Lair: D:8-11         Elf: Orc:2

Altars:
Ashenzari
Cheibriados
Dithmenos
Elyvilon
Fedhas
Gozag
Hepliaklqana
Nemelex Xobeh
Okawaru
Sif Muna
Trog
Vehumet
Xom
Yredelemnul
Zin
The Shining One

Shops:
D:1 [   D:4 [   D:9 *


Innate Abilities, Weirdness & Mutations

You are immune to sickness and miasma.
Your stone body is resilient. (AC +9)
You are immune to poison.
You resist negative energy. (rN+)
You are resistant to electric shocks. (rElec)
You are resistant to unholy torment.
You are immune to petrification.


Message History

You hit the orc warlord.
The orc warlord looks as sick as possible!
The orc warlord is lightly wounded.
The warg closely misses you.
The orc warrior hits you from afar with a +0 halberd!
The orc priest misses you. Something hits you but does no damage.
The troll barely misses you.
The troll claws you but does no damage. x2
The orc warlord hits you but does no damage.
The warg barely misses you.
You hit the orc warlord but do no damage.
The orc warlord looks as sick as possible!
The orc warlord is moderately wounded.
The orc warrior no longer looks unusually strong.
The orc warrior hits you but does no damage.
The orc priest hits you but does no damage.
Something hits you but does no damage. The troll bites you but does no damage.
The troll claws you but does no damage. x2
The orc warlord roars a battlecry!
The orc warrior goes into a battle-frenzy!
The warg closely misses you.
You closely miss the orc warlord.
The orc warlord is moderately wounded.
The orc warrior hits you but does no damage.
The orc priest hits you but does no damage.
Something hits you but does no damage. The troll bites you but does no damage.
The troll closely misses you. x2
The orc warlord hits you with a +4 vampiric great sword!!
* * * LOW HITPOINT WARNING * * *
The warg bites you.
* * * LOW HITPOINT WARNING * * *
You hit the orc warlord.
The orc warlord looks as sick as possible!
The orc warlord is moderately wounded.
The warg barely misses you.
The orc priest hits you but does no damage.
Something hits you but does no damage. The troll bites you but does no damage.
The troll claws you but does no damage. The troll closely misses you.
The orc warlord hits you but does no damage.
The orc warrior hits you from afar with a +0 halberd!
You die...

... .......... ...#
.$........ ....#
###......... .....
#...........
##.....##..........
#...........#...#
..........$)ooo.#
#.........hoTo##
#.......o{@o##
##.......#####
#........#.###
#..........#.##
##.............#
...............###
#.....#..........#
#......##........###
......#
##.......#.##


You could see an orc warlord (extremely poisoned), a troll, a warg, an orc
warrior (strong), an orc priest (strong), an orc wizard (strong) and 3 orcs.

Vanquished Creatures
  2 two-headed ogres
  A tengu warrior (D:10)
  Amaemon (D:9)
  An orc knight (Orc:1)
  2 cyclopes
  Maurice (D:8)
  An orange demon (D:9)
  Psyche (D:8)
  3 trolls
  Grinder (D:3)
  Sigmund (D:2)
  A shadow (D:9)
  A yak (shapeshifter) (D:10)
  17 yaks
  Eustachio (D:4)
  A wraith (D:9)
  3 steam dragons
  3 vampire mosquitoes (D:9)
  2 acid dragons
  A water moccasin (D:7)
  A floating eye (shapeshifter) (D:9)
  12 orc warriors
  3 sky beasts
  2 black bears
  4 ogres
  7 centaurs
  2 gnoll sergeants
  A kobold brigand (D:9)
  2 bullfrogs
  3 scorpions
  4 wights (D:9)
  6 killer bees (D:9)
  5 howler monkeys
  8 orc priests
  3 hounds
  A gnoll bouda (D:9)
  A jelly (D:7)
  An iguana (D:5)
  Ijyb (D:4)
  13 orc wizards
  Terence (D:2)
  11 gnolls
  8 adders
  A shadow imp (D:7)
  2 worms
  3 dart slugs
  51 orcs
  7 ball pythons
  6 bats
  2 endoplasms
  8 giant cockroaches
  19 goblins
  9 hobgoblins
  8 jackals
  3 quokkas
  3 frilled lizards
  5 kobolds
  4 rats
276 creatures vanquished.

Vanquished Creatures (collateral kills)
  A warg (Orc:1)
  An orc warrior (Orc:1)
  An orc wizard (Orc:1)
  5 orcs (Orc:1)
8 creatures vanquished.

Vanquished Creatures (others)
  A plant (D:3)
1 creature vanquished.

Grand Total: 285 creatures vanquished

Notes
Turn   | Place    | Note
-------+----------+-------------------------------------------
     0 | D:1      | KarmaKiller the Gargoyle Berserker began the quest for the
                  | Orb.
     0 | D:1      | Reached XP level 1. HP: 14/14 MP: 1/1
   139 | D:1      | Found Siwnys's Antique Armour Boutique.
   155 | D:1      | Reached XP level 2. HP: 19/19 MP: 2/2
   639 | D:1      | Reached XP level 3. HP: 23/23 MP: 3/3
  1035 | D:2      | Noticed Sigmund
  1049 | D:2      | Killed Sigmund
  1050 | D:2      | Reached skill level 5 in Maces & Flails
  1050 | D:2      | Reached XP level 4. HP: 14/29 MP: 4/4
  1050 | D:2      | Reached XP level 5. HP: 16/33 MP: 5/5
  1051 | D:2      | Reached ** piety under Trog
  1416 | D:2      | Reached XP level 6. HP: 36/38 MP: 6/6
  1420 | D:2      | Found a faded altar of an unknown god.
  1432 | D:2      | Found a hazy altar of Hepliaklqana.
  1435 | D:2      | Noticed Terence
  1443 | D:2      | Killed Terence
  1565 | D:3      | Noticed a black bear
  1579 | D:3      | Killed a black bear
  2018 | D:3      | Reached skill level 6 in Maces & Flails
  2249 | D:3      | Noticed Grinder
  2266 | D:3      | Killed Grinder
  2267 | D:3      | Reached XP level 7. HP: 44/44 MP: 7/7
  2727 | D:3      | Found a glowing silver altar of Zin.
  2727 | D:3      | Noticed an angel
  2961 | D:4      | Noticed Ijyb
  2961 | D:4      | Found Miuxtur's Armour Shoppe.
  2967 | D:4      | Killed Ijyb
  3008 | D:4      | Found a shimmering blue altar of Sif Muna.
  3014 | D:4      | Noticed Eustachio
  3025 | D:4      | Killed Eustachio
  3026 | D:4      | Reached skill level 5 in Fighting
  3026 | D:4      | Reached skill level 7 in Maces & Flails
  3456 | D:4      | Found a glowing golden altar of the Shining One.
  3462 | D:4      | Found a snail-covered altar of Cheibriados.
  3464 | D:4      | Found a shadowy altar of Dithmenos.
  3464 | D:4      | Found a basalt altar of Yredelemnul.
  3464 | D:4      | Found a hazy altar of Hepliaklqana.
  3464 | D:4      | Found a white marble altar of Elyvilon.
  3468 | D:4      | Found an iron altar of Okawaru.
  3470 | D:4      | Found a shimmering altar of Xom.
  3576 | D:4      | Found an opulent altar of Gozag.
  3649 | D:4      | Reached XP level 8. HP: 49/49 MP: 8/8
  3694 | D:4      | Found a staircase to the Ecumenical Temple.
  3998 | D:5      | Entered Level 5 of the Dungeon
  4056 | D:5      | Reached skill level 1 in Stealth
  4272 | D:5      | Reached skill level 8 in Maces & Flails
  4561 | D:5      | Found a radiant altar of Vehumet.
  4659 | D:6      | Found a broken altar of Ashenzari.
  4822 | D:6      | Reached XP level 9. HP: 55/55 MP: 9/9
  4923 | D:6      | Reached skill level 9 in Maces & Flails
  4931 | D:6      | Found a bloodstained altar of Trog.
  4964 | D:6      | Upgraded the game from 0.30-a0-715-gdb4ae3ece1 to
                  | 0.30-a0-718-geaa24f58ff
  5112 | D:6      | Identified the amulet of the Original Sin {Faith rC+
                  | Regen+}
  5128 | D:6      | Reached skill level 5 in Armour
  5442 | D:7      | Reached *** piety under Trog
  5526 | D:7      | Found a sparkling altar of Nemelex Xobeh.
  6183 | D:8      | Noticed a two-headed ogre
  6191 | D:8      | Killed a two-headed ogre
  6192 | D:8      | Reached skill level 10 in Maces & Flails
  6192 | D:8      | Reached XP level 10. HP: 63/63 MP: 10/10
  6662 | D:8      | Found a blossoming altar of Fedhas.
  6719 | D:8      | Noticed Maurice
  6750 | D:8      | Killed Maurice
  6811 | D:8      | Noticed Psyche
  6823 | D:8      | Killed Psyche
  7127 | D:8      | Reached skill level 1 in Unarmed Combat
  7130 | D:8      | Reached skill level 11 in Maces & Flails
  7419 | D:9      | Noticed a two-headed ogre
  7430 | D:9      | Killed a two-headed ogre
  7581 | D:9      | Reached XP level 11. HP: 69/69 MP: 11/11
  7672 | D:9      | Noticed a faun
  7673 | D:9      | a faun changed into a floating eye
  7681 | D:9      | Noticed a cyclops
  7685 | D:9      | Paralysed by a floating eye for 3 turns
  7700 | D:9      | Killed a cyclops
  7701 | D:9      | Reached skill level 12 in Maces & Flails
  7702 | D:9      | Reached skill level 1 in Evocations
  8205 | D:9      | Found Igajie's Demolitions Depot.
  8289 | D:9      | Reached **** piety under Trog
  8844 | D:9      | Noticed Amaemon
  8860 | D:9      | Killed Amaemon
  9071 | D:10     | Entered Level 10 of the Dungeon
  9281 | D:10     | Identified the +4 spear of Valiance {pain, rF++ Dex+4}
  9313 | D:10     | Noticed a tengu warrior
  9320 | D:10     | Killed a tengu warrior
  9345 | D:10     | Noticed a harpy
  9347 | D:10     | a harpy changed into a rime drake
  9577 | D:10     | Found a staircase to the Orcish Mines.
 10064 | D:10     | Reached skill level 13 in Maces & Flails
 10251 | D:10     | Reached skill level 10 in Fighting
 10251 | D:10     | Reached skill level 10 in Armour
 10251 | D:10     | Reached XP level 12. HP: 79/79 MP: 12/12
 10259 | Orc:1    | Entered Level 1 of the Orcish Mines
 10367 | Orc:1    | Found the +4 robe of Folly {Brill Will-∞ Int+8}
 10614 | Orc:1    | Reached skill level 14 in Maces & Flails
 10614 | Orc:1    | Reached XP level 13. HP: 82/84 MP: 13/13
 10803 | Orc:2    | Entered Level 2 of the Orcish Mines
 10860 | Orc:2    | Noticed an orc warlord
 10884 | Orc:2    | Slain by an orc warrior

Illustrated notes

Levels and vault maps discovered:
D:1:      dpeg_arrival_prison, layout_loops_ring, serial_shops,
          nicolae_shop_statue_plus
D:2:      layout_rooms, basic_altar, hellmonk_ecumenical_altar_arch_garden,
          amcnicky_mini_rare_corridor_liquid, mrwooster_statue_mirror,
          uniq_terence, uniq_sigmund
D:3:      layout_basic, zin_angel, glass_columns_a, serial_bayou_crossing,
          uniq_grinder
D:4:      cheibrodos_greedy_goblins, layout_rooms, lemuel_round_altar,
          mainiacjoe_overflow_brackets, minitemple, minmay_temple_entry_wispy,
          serial_shops, nicolae_stop_n_shop_1, hangedman_decor_lopped,
          chequers_serial_rivers_micro_b, kennysheep_generic_room_16,
          uniq_eustachio, uniq_ijyb
D:5:      layout_cave_pools, fiery_altar_vehumet
D:6:      layout_cave_pools, nicolae_ashenzari_panopticon,
          nicolae_overflow_crystal_walls
D:7:      layout_basic, general_overflow_altar
D:8:      layout_cave_pods, fedhas_altar_2, uniq_psyche, uniq_maurice
D:9:      layout_layer_cave, hangedman_decor_opposing, nicolae_blasting_shop,
          chequers_serial_rivers_micro_c, minmay_fractal_squares_gapless_7,
          uniq_amaemon
D:10:     layout_cave_pods, orc_0_dummy, minmay_bent
Orc:1:    layout_caves, basic_altar, dreamdust_deal_with_the_devil
Orc:2:    st_orc_mages, layout_diamond_mine, serial_shops, shop, basic_altar,
          lightli_church_of_beogh

Skill      XL: |  1  2  3  4  5  6  7  8  9 10 11 12 13 |
---------------+----------------------------------------+-----
Dodging        | 2 4 |  4.7
Fighting       | 4 5 7 8 10 11 | 11.1
Maces & Flails | 5 6 7 8 10 11 13 14 | 14.2
Armour         | 3 4 6 7 10 11 | 11.2
Stealth        | 1 2 |  2.0
Unarmed Combat | 1 |  1.7
Evocations     | 3 |  3.1

Action                     |  1- 3 |  4- 6 |  7- 9 | 10-12 | 13-15 || total
---------------------------+-------+-------+-------+-------+-------++-------
  Melee: Mace              |   102 |    26 |       |       |       ||   128
         Punch             |       |     2 |     3 |     5 |       ||    10
         Flail             |       |    54 |   210 |   315 |    37 ||   616
         Unarmed           |       |       |       |     4 |       ||     4
 Invoke: Berserk           |     4 |     4 |    12 |    15 |     1 ||    36
         Brothers in Arms  |       |       |       |     2 |       ||     2
         Trog's Hand       |       |       |       |     1 |       ||     1
  Evoke: Wand              |       |       |       |     2 |       ||     2
    Use: Potion            |     2 |       |     1 |     1 |       ||     4
         Scroll            |       |     5 |    10 |     9 |       ||    24
 Armour: Leather armour    |    21 |       |       |       |       ||    21
         Animal skin       |     1 |       |       |       |       ||     1
         Scale mail        |    47 |    14 |       |       |       ||    61
         Ring mail         |       |    33 |    65 |       |       ||    98
         Chain mail        |       |       |    35 |       |       ||    35
         Plate armour      |       |       |       |    84 |       ||    84
         Skin              |       |       |       |     1 |       ||     1
         Gold dragon scale |       |       |       |   145 |    62 ||   207
  Dodge: Dodged            |    74 |    73 |   212 |   211 |    43 ||   613

Table legend: (Time is in decaauts)
 A = Elapsed time spent in this place.
 B = Non-inter-level travel time spent in this place.
 C = Inter-level travel time spent in this place.
 D = Time resting spent in this place.
 E = Time spent auto-exploring this place.
 F = Levels seen in this place.
 G = Mean time per level.
                   A        B        C        D        E       F      G
               +--------+--------+--------+--------+--------+-----+--------+
         Total |  11177 |  11162 |     15 |   1162 |     21 |  12 |  931.4 |
       Dungeon |  10558 |  10543 |     15 |   1107 |     21 |  10 | 1055.8 |
  Orcish Mines |    619 |    619 |      0 |     55 |      0 |   2 |  309.5 |
               +--------+--------+--------+--------+--------+-----+--------+

Top non-repeatable levels by time:
     D:9: 1804 daAuts
     D:3: 1474 daAuts
    D:10: 1179 daAuts
     D:8: 1171 daAuts
     D:4: 1087 daAuts
     D:1: 912 daAuts
     D:6: 835 daAuts
     D:7: 759 daAuts
     D:2: 699 daAuts
     D:5: 634 daAuts
   Orc:1: 548 daAuts
   Orc:2: 70 daAuts
